 Dungeon Crawl Stone Soup version 0.24-a0-443-g80245de385 (webtiles) character file.

Game seed: 16239351762015790985

8250 theanonym the Grappler (level 11, -4/89 HPs)
             Began as a Red Draconian Transmuter on June 21, 2019.
             Was the Champion of Cheibriados.
             Slain by an eight-headed hydra (10 damage)
             ... on level 11 of the Dungeon.
             The game lasted 00:26:42 (11343 turns).

theanonym the Grappler (Red Draconian Transmuter)  Turns: 11343, Time: 00:26:43

Health: -4/89      AC: 10    Str: 27    XL:     11   Next: 7%
Magic:  12/18      EV: 14    Int: 33    God:    Cheibriados [******]
Gold:   116        SH:  0    Dex: 26    Spells: 8/20 levels left

rFire    + + .     SeeInvis .     - Unarmed
rCold    + . .     Gourm    .   (shield currently unavailable)
rNeg     . . .     Faith    .   (armour unavailable)
rPois    .         Spirit   .   B - +0 hat
rElec    .         Reflect  .   u - +2 cloak {+Inv}
rCorr    .         Harm     .   (gloves currently unavailable)
MR       .....                  (no boots)
Stlth    ++........             J - amulet of magic regeneration
HPRegen  0.24/turn              D - ring of protection from cold
MPRegen  0.41/turn              E - ring of protection from fire

@: blade hands, very slightly contaminated, very slow
A: breathe fire, unfitting armour, fire resistance 1, cold-blooded, AC +7
a: Breathe Fire, End Transformation, Bend Time, Temporal Distortion, Slouch,
Step From Time, Renounce Religion, Evoke Invisibility


Innate Abilities, Weirdness & Mutations

You can breathe blasts of fire.
Your fiery red scales are hard. (AC +7)
You cannot fit into any form of body armour.
Your flesh is heat resistant. (rF+)
You are cold-blooded and may be slowed by cold attacks.


   Skills:
 + Level 6.1 Fighting
 + Level 2.6 Dodging
 * Level 11.4 Unarmed Combat
 - Level 5.0 Spellcasting
 + Level 8.1 Transmutations
 - Level 5.0 Ice Magic
 + Level 3.4 Invocations


You had 8 spell levels left.
You knew the following spells:

 Your Spells              Type           Power        Failure   Level  Hunger
a - Beastly Appendage     Tmut           ######       9%          1    None
b - Ice Form              Ice/Tmut       ######..     26%         4    ###....
c - Blade Hands           Tmut           ######....   32%         5    #####..
e - Sticks to Snakes      Tmut           ######..     10%         2    None

Your spell library contained the following spells:

 Spells                   Type           Power        Failure   Level  Hunger
 Spider Form              Tmut/Pois      #####.....   24%         3    None

Skill      XL: |  1  2  3  4  5  6  7  8  9 10 |
---------------+-------------------------------+-----
Unarmed Combat | 4 5 6 7 9 11 | 11.4
Transmutations | 3 4 5 6 8 |  8.1
Ice Magic      | 1 2 2 3 5 |  5.0
Spellcasting   | 3 4 5 |  5.0
Fighting       | 4 6 |  6.1
Invocations    | 3 |  3.4
Dodging        | 2 |  2.6

Action                   |  1- 3 |  4- 6 |  7- 9 | 10-12 || total
-------------------------+-------+-------+-------+-------++-------
Melee: Unarmed           |   127 |   215 |   250 |   131 ||   723
       Tailslap          |    10 |    16 |    42 |    17 ||    85
       Kick              |     9 |    10 |     4 |       ||    23
       Punch             |     2 |     3 |     9 |     9 ||    23
       Headbutt          |     1 |     6 |     3 |       ||    10
 Fire: Arbalest          |       |       |       |     6 ||     6
 Cast: Beastly Appendage |    10 |     6 |     6 |     1 ||    23
       Sticks to Snakes  |     2 |     1 |     1 |     1 ||     5
       Ice Form          |       |     8 |     8 |       ||    16
       Blade Hands       |       |       |    15 |    26 ||    41
 Abil: Breathe Fire      |       |       |     6 |     1 ||     7
       End Transformatio |       |       |       |     1 ||     1
Evoke: Wand              |     1 |       |     1 |     1 ||     3
  Use: Potion            |     2 |       |     2 |     1 ||     5
       Scroll            |       |     9 |    13 |     6 ||    28
 Stab: Sleeping          |       |     3 |     6 |     4 ||    13
       Distracted        |       |     1 |       |       ||     1
  Eat: Chunk             |     3 |     1 |    12 |     4 ||    20
       Ration            |       |     2 |       |     3 ||     5
Armor: Skin              |    54 |    73 |   111 |    38 ||   276
Dodge: Dodged            |    74 |   102 |   194 |    92 ||   462

Inventory:

Hand Weapons
 a - the +1 arbalest "Peyloces" (melded) {venom, Int+5 Dex+2}

   It poisons the ammo it fires.
   It affects your intelligence (+5).
   It affects your dexterity (+2).
Missiles
 z - 153 arrows
 F - 85 bolts
Armour
 o - a +0 pair of gloves (melded)
 s - a +0 shield
 u - a +2 cloak of invisibility (worn)
 B - a +0 hat (worn)
Magical Staves
 b - an uncursed staff of wizardry
Jewellery
 c - an uncursed ring of fire
 h - an uncursed ring of flight
 A - an uncursed ring of wizardry
 D - a ring of protection from cold (left scythe-like blade)
 E - a ring of protection from fire (right scythe-like blade)
 J - an amulet of magic regeneration (around neck)
 O - an uncursed amulet of the gourmand
Wands
 g - a wand of enslavement (20)
 v - a wand of acid (4)
 C - a wand of paralysis (17)
 H - a wand of disintegration (4)
 N - a wand of iceblast (9)
Scrolls
 n - 8 scrolls of remove curse
 r - a scroll of identify
 t - 6 scrolls of teleportation
 x - a scroll of immolation
 y - 2 scrolls of magic mapping
 I - a scroll of silence
 L - 2 scrolls of fear
 M - 4 scrolls of enchant armour
Potions
 d - 2 potions of resistance
 f - 6 potions of flight
 i - 4 potions of brilliance
 j - a potion of agility
 k - 3 potions of magic
 l - a potion of invisibility
 m - a potion of might
 p - 2 potions of cancellation
 q - 2 potions of heal wounds
 w - 2 potions of curing
 G - a potion of ambrosia
 K - a potion of mutation
Comestibles
 e - 15 rations


You were on level 11 of the Dungeon.
You worshipped Cheibriados.
Cheibriados was exalted by your worship.
You were not hungry.
You had blades for hands.
You visited 1 branch of the dungeon, and saw 11 of its levels.
You also visited: Ossuary.

You collected 991 gold pieces.
You spent 875 gold pieces at shops.

Dungeon Overview and Level Annotations

Branches:
Dungeon (11/15)            Temple (0/1) D:4            Lair (0/6) D:9
    Orc (0/2) D:10

Altars:
Ashenzari
Cheibriados
Dithmenos
Gozag
Qazlal
Sif Muna
Zin
The Shining One
Beogh

Shops:
D:8 (   D:10 *

Annotations:
D:10 3 runed translucent doors, hitsuchi's ghost, journeyman OpEE

#.#..# ..... #.#..#
.....###########....#
#...................#
.................#..#
.......###..>.#.....#
[...... #....#.....#
.......###..........#
.......SD@....(.....#
#####################


You could see an eight-headed hydra and a friendly adder.

Notes
Turn   | Place    | Note
-------+----------+-------------------------------------------
     0 | D:1      | theanonym the Draconian Transmuter began the quest for the
                  | Orb.
     0 | D:1      | Reached XP level 1. HP: 16/16 MP: 3/3
    60 | D:1      | You fall into a shaft and drop 1 floor!
   239 | D:2      | Reached XP level 2. HP: 23/23 MP: 3/5
   243 | D:2      | Learned a level 2 spell: Sticks to Snakes
  1121 | D:2      | Reached XP level 3. HP: 28/28 MP: 6/6
  1259 | D:2      | Found a snail-covered altar of Cheibriados.
  1264 | D:2      | Became a worshipper of Cheibriados the Contemplative
  1291 | D:2      | Noticed Robin
  1312 | D:2      | HP: 21/42 [goblin[Robin] (2)]
  1315 | D:2      | Reached skill level 4 in Unarmed Combat
  1324 | D:2      | Killed Robin
  1837 | D:2      | Found a runed translucent door.
  1838 | D:2      | Noticed Crazy Yiuf
  1849 | D:2      | HP: 13/28 [Crazy Yiuf/+4 quarterstaff of chaos (12)]
  1852 | D:2      | HP: 3/28 [Crazy Yiuf/+4 quarterstaff of chaos (6)]
  1855 | D:2      | Killed Crazy Yiuf
  1855 | D:2      | Reached XP level 4. HP: 6/35 MP: 2/8
  1857 | D:2      | HP: 4/52 [poisoned by Crazy Yiuf]
  1863 | D:2      | HP: 3/52 [poisoned by Crazy Yiuf]
  1871 | D:2      | HP: 3/52 [poisoned by Crazy Yiuf]
  2226 | D:3      | Reached * piety under Cheibriados
  2244 | D:3      | Learned a level 4 spell: Ice Form
  2297 | D:3      | HP: 16/35 [orc/+0 flail (8)]
  2307 | D:3      | HP: 11/35 [orc wizard/cursed +0 dagger (3)]
  2310 | D:3      | Reached skill level 3 in Transmutations
  2310 | D:3      | Reached skill level 1 in Ice Magic
  2310 | D:3      | Reached XP level 5. HP: 13/40 MP: 1/9
  2313 | D:3      | HP: 10/48 [orc/+0 hand axe (1)]
  2318 | D:3      | HP: 10/48 [bat (1)]
  2633 | D:3      | Reached skill level 3 in Spellcasting
  2712 | D:3      | Found a glowing silver altar of Zin.
  2713 | D:3      | Found an opulent altar of Gozag.
  2864 | D:3      | Reached ** piety under Cheibriados
  2986 | D:3      | Found a shadowy altar of Dithmenos.
  2986 | D:3      | Found a faded altar of an unknown god.
  2993 | D:3      | Found a glowing golden altar of the Shining One.
  2995 | D:3      | Found a deep blue altar of Sif Muna.
  2997 | D:3      | Found a faded altar of an unknown god.
  3084 | D:4      | Found a staircase to the Ecumenical Temple.
  3162 | D:4      | Reached skill level 2 in Ice Magic
  3220 | D:4      | Reached skill level 5 in Unarmed Combat
  3220 | D:4      | Reached XP level 6. HP: 47/47 MP: 8/10
  3225 | D:4      | Found a sand-covered staircase.
  3431 | Ossuary  | Entered an ossuary
  3668 | Ossuary  | Reached *** piety under Cheibriados
  3826 | Ossuary  | Noticed Menkaure
  3831 | Ossuary  | Killed Menkaure
  3831 | Ossuary  | Reached skill level 3 in Ice Magic
  3831 | Ossuary  | Your scales start taking on a fiery red colour.
  3831 | Ossuary  | Reduced skill Ice Magic to level 2
  3831 | Ossuary  | Reached XP level 7. HP: 52/52 MP: 7/12
  3831 | Ossuary  | Gained mutation: Your flesh is heat resistant. (rF+) [Red
                  | Draconian growth]
  4033 | D:4      | Noticed Natasha
  4141 | D:4      | Killed Natasha
  4190 | D:4      | Noticed Natasha
  4191 | D:4      | Killed Natasha
  4261 | D:4      | Reached **** piety under Cheibriados
  4354 | D:4      | Reached skill level 4 in Transmutations
  4354 | D:4      | Reached skill level 3 in Ice Magic
  4487 | D:5      | Entered Level 5 of the Dungeon
  4502 | D:5      | HP: 30/62 [killer bee zombie (6)]
  4508 | D:5      | HP: 19/62 [phantom (6)]
  4510 | D:5      | Reached skill level 6 in Unarmed Combat
  4762 | D:5      | Reached skill level 4 in Spellcasting
  4978 | D:5      | Noticed Ijyb
  4982 | D:5      | Killed Ijyb
  4982 | D:5      | Reached XP level 8. HP: 59/59 MP: 12/14
  5162 | D:5      | Reached skill level 4 in Ice Magic
  5673 | D:6      | Learned a level 5 spell: Blade Hands
  5873 | D:6      | Noticed Sigmund
  5885 | D:6      | Killed Sigmund
  5885 | D:6      | Reached ***** piety under Cheibriados
  5885 | D:6      | Reached skill level 7 in Unarmed Combat
  6399 | D:7      | Reached skill level 5 in Transmutations
  6571 | D:7      | Reached skill level 5 in Ice Magic
  6571 | D:7      | Reached XP level 9. HP: 56/64 MP: 10/16
  6582 | D:7      | Reached skill level 5 in Spellcasting
  6584 | D:7      | Reached skill level 8 in Unarmed Combat
  6821 | D:7      | Reached skill level 6 in Transmutations
  6831 | D:7      | Reached skill level 2 in Fighting
  6997 | D:8      | Reached skill level 9 in Unarmed Combat
  7115 | D:8      | Found a stormy altar of Qazlal.
  7210 | D:8      | Found a shattered altar of Ashenzari.
  7249 | D:8      | Reached skill level 3 in Fighting
  7491 | D:8      | Found Toufa Ebann's Weapon Boutique.
  7652 | D:9      | HP: 27/70 [basilisk (9)]
  7659 | D:9      | HP: 17/70 [porcupine (10)]
  7660 | D:9      | HP: 7/70 [porcupine (6)]
  7666 | D:9      | Reached skill level 4 in Fighting
  7666 | D:9      | Reached XP level 10. HP: 37/78 MP: 14/17
  7667 | D:9      | HP: 31/78 [black bear (6)]
  7670 | D:9      | Reached skill level 10 in Unarmed Combat
  7673 | D:9      | Reached skill level 7 in Transmutations
  7842 | D:9      | HP: 30/80 [basilisk (18)]
  8320 | D:4      | Noticed Natasha
  8329 | D:4      | Killed Natasha
  8444 | D:4      | Found a staircase to the Ecumenical Temple.
  8972 | D:9      | Found a staircase to the Lair.
  9235 | D:9      | Reached ****** piety under Cheibriados
  9345 | D:9      | Noticed a two-headed ogre
  9352 | D:9      | Killed a two-headed ogre
  9352 | D:9      | Reached skill level 5 in Fighting
  9352 | D:9      | Reached skill level 1 in Invocations
  9635 | D:8      | Bought the +1 arbalest "Peyloces" {venom, Int+5 Dex+2} for
                  | 385 gold pieces
  9706 | D:10     | Entered Level 10 of the Dungeon
  9719 | D:10     | Noticed Joseph
  9726 | D:10     | Killed Joseph
  9726 | D:10     | Reached skill level 2 in Invocations
  9901 | D:10     | Reached skill level 11 in Unarmed Combat
 10002 | D:10     | Found a staircase to the Orcish Mines.
 10045 | D:10     | Found a runed translucent gate.
 10046 | D:10     | Found a runed translucent gate.
 10046 | D:10     | Noticed hitsuchi's ghost (journeyman OpEE)
 10047 | D:10     | Found a runed translucent gate.
 10054 | D:10     | Identified the +16 plate armour of the Loofah {Regen+ Dex+2
                  | SInv}
 10056 | D:10     | Found a roughly hewn altar of Beogh.
 10094 | D:10     | Found Laarag's Assorted Antiques.
 10100 | D:10     | Bought a glowing sapphire amulet for 145 gold pieces
 10100 | D:10     | Bought a bubbling puce potion for 26 gold pieces
 10100 | D:10     | Bought a scroll of identify for 58 gold pieces
 10100 | D:10     | Bought a scroll labeled DUNOLA RINAT for 29 gold pieces
 10100 | D:10     | Bought a blackened copper wand for 116 gold pieces
 10100 | D:10     | Bought a runed ivory wand for 116 gold pieces
 10225 | D:10     | Reached skill level 2 in Dodging
 10483 | D:10     | Reached skill level 3 in Invocations
 10899 | D:11     | Reached skill level 8 in Transmutations
 10971 | D:11     | Noticed a brown ugly thing
 10978 | D:11     | Killed a brown ugly thing
 10978 | D:11     | Reached skill level 6 in Fighting
 10978 | D:11     | Reached XP level 11. HP: 50/89 MP: 14/18
 11333 | D:11     | Noticed a seven-headed hydra
 11340 | D:11     | HP: 41/89 [eight-headed hydra (8)]
 11342 | D:11     | HP: 18/89 [eight-headed hydra (9)]
 11343 | D:11     | HP: 8/89 [eight-headed hydra (9)]
 11343 | D:11     | Slain by an eight-headed hydra

Vanquished Creatures
  A two-headed ogre (D:9)
  An ugly thing (D:11)
  Joseph (D:10)
  A troll (D:10)
  A spriggan (D:7)
  Sigmund (D:6)
  4 basilisks (D:9)
  7 yaks
  Menkaure (Ossuary)
  An orc warrior (D:8)
  3 porcupines (D:9)
  2 ice beasts
  A sky beast (D:7)
  4 black bears
  A necrophage (D:10)
  2 centaurs (D:10)
  2 ogres
  4 phantoms
  A wolf (D:9)
  5 bullfrogs
  3 scorpions
  5 killer bees (D:9)
  5 wights (D:11)
  4 crimson imps
  A quasit (D:6)
  2 bullfrog zombies
  4 jellies
  3 bullfrog skeletons
  4 hounds
  A centaur skeleton (D:9)
  Crazy Yiuf (D:2)
  2 orc priests
  13 orc wizards
  7 iguanas
  Ijyb (D:5)
  Natasha (thrice) (D:4)
  9 worker ants
  A killer bee zombie (D:5)
  A hound skeleton (D:4)
  3 mummies (Ossuary)
  A worker ant zombie (D:8)
  2 howler monkey skeletons
  7 adders
  4 gnolls (D:8)
  4 shadow imps
  An ooze (D:3)
  An adder skeleton (D:5)
  4 worms
  A dart slug (D:3)
  7 leopard geckos
  40 orcs
  3 ball pythons
  11 bats
  5 giant cockroaches
  17 goblins
  7 hobgoblins
  13 jackals
  2 quokkas
  6 frilled lizards
  2 gnoll skeletons (Ossuary)
  3 gnoll zombies (Ossuary)
  2 goblin skeletons (Ossuary)
  7 goblin zombies (Ossuary)
  2 hobgoblin skeletons (Ossuary)
  A hobgoblin zombie (Ossuary)
  A jackal skeleton (D:4)
  3 kobolds
  5 kobold skeletons (Ossuary)
  3 kobold zombies (Ossuary)
  9 orc skeletons (Ossuary)
  5 orc zombies (Ossuary)
  A quokka skeleton (D:4)
  5 rats
  4 rat skeletons (Ossuary)
  6 rat zombies (Ossuary)
312 creatures vanquished.

Vanquished Creatures (collateral kills)
  A crimson imp (D:6)
  A quasit (D:7)
  Robin (D:2)
3 creatures vanquished.

Vanquished Creatures (others)
  A yak (D:7)
  A kobold skeleton (Ossuary)
2 creatures vanquished.

Grand Total: 317 creatures vanquished

Table legend:
 A = Turns spent in this place as a percentage of turns spent in the entire game.
 B = Non-inter-level travel turns spent in this place as a percentage of non-inter-level travel turns spent in the entire game.
 C = Inter-level travel turns spent in this place as a percentage of turns spent in this place.
 D = Turns resting spent in this place as a percentage of non-inter-level travel turns spent in this place.
 E = Turns spent auto-exploring this place as a percentage of non-inter-level travel turns spent in this place.
 F = Non-inter-level travel turns spent in this place divided by the number of levels of this place that you've seen.
                   A       B       C       D       E      F
               +-------+-------+-------+-------+-------+----------------------
         Total | 100.0 | 100.0 |   6.2 |  22.0 |  62.2 | 886.8
       Dungeon |  96.1 |  95.8 |   6.4 |  21.9 |  63.4 | 926.8
       Ossuary |   3.9 |   4.2 |   0.0 |  25.1 |  33.4 | 446.0
               +-------+-------+-------+-------+-------+----------------------
